 Dungeon Crawl Stone Soup version 0.28.0-53-g5a82cb258f (webtiles) character file.

Game seed: 460494747969528062

166 Gabide the Skirmisher (level 5, 0/41 HPs)
             Began as a Human Warper on June 12, 2022.
             Killed from afar by Sigmund (11 damage)
             ... with a puff of flame
             ... on level 4 of the Dungeon.
             The game lasted 00:12:35 (4702 turns).

Gabide the Skirmisher (Human Warper)                Turns: 4702, Time: 00:12:35

Health: 0/41       AC:  7    Str: 11    XL:     5   Next: 76%
Magic:  7/9        EV: 10    Int: 15    God:
Gold:   188        SH:  0    Dex: 13    Spells: 7/9 levels left

rFire   . . .      SeeInvis .   a - +0 short sword
rCold   . . .      Faith    .   (no shield)
rNeg    . . .      Spirit   .   k - +0 ring mail
rPois   .          Reflect  .   (no helmet)
rElec   .          Harm     .   b - +0 cloak
rCorr   .          Rampage  .   h - +0 pair of gloves
Will    .....                   (no boots)
Stlth   +.........              (no amulet)
HPRegen 0.13/turn               (no ring)
MPRegen 0.11/turn               (no ring)

@: no status effects
A: no striking features
a: no special abilities


You were on level 4 of the Dungeon.
You visited 1 branch of the dungeon, and saw 4 of its levels.

You collected 188 gold pieces.

Inventory:

Hand Weapons
 a - a +0 short sword (weapon)
Missiles
 f - 98 stones (quivered)
Armour
 b - a +0 cloak (worn)
 h - a +0 pair of gloves (worn)
 k - a +0 ring mail (worn)
Magical Staves
 i - a staff of death
Scrolls
 c - a scroll of blinking
 g - a scroll of holy word {unknown}
 j - a scroll of noise {unknown}
 l - 2 scrolls of teleportation
 m - a scroll of enchant weapon {unknown}
 n - a scroll of brand weapon {unknown}
 o - a scroll of fog
 p - a scroll of torment {unknown}
 q - a scroll of magic mapping {unknown}
 u - a scroll of amnesia {unknown}
Potions
 e - a potion of curing
 r - a potion of mutation


   Skills:
 * Level 3.6 Fighting
 - Level 2.0 Short Blades
 * Level 2.9 Throwing
 - Level 1.0 Armour
 - Level 2.0 Dodging
 + Level 2.7 Spellcasting
 + Level 3.5 Translocations


You had 7 spell levels left.
You knew the following spells:

 Your Spells              Type           Power      Damage    Failure   Level
a - Blink                 Tloc           24%        N/A       17%         2

Your spell library contained the following spells:

 Spells                   Type           Power      Damage    Failure   Level
 Apportation              Tloc           24%        N/A       12%         1
 Gell's Gravitas          Tloc           12%        N/A       34%         3
 Lesser Beckoning         Tloc           12%        N/A       34%         3
 Teleport Other           Tloc           12%        N/A       34%         3
 Animate Skeleton         Necr           4%         N/A       43%         1
 Summon Small Mammal      Summ           8%         N/A       43%         1
 Ensorcelled Hibernation  Hex/Ice        4%         N/A       58%         2
 Spider Form              Tmut/Pois      2%         N/A       82%         3
 Manifold Assault         Tloc           12%        N/A       97%         5
 Anguish                  Hex/Necr       1%         N/A       99%         4


Dungeon Overview and Level Annotations

Branches:
Dungeon (4/15)
 Temple: D:4-7

Altars:
Elyvilon
Nemelex Xobeh
Qazlal

Shops:
D:4 *

Annotations:
D:4 Sigmund


Message History

The boomerang of dispersal hits Sigmund.
Sigmund blinks!
You start resting.
Sigmund is nearby!
Throw: 2 javelins
Press: ? - help, Q - select action, (/) - cycle Shift-Dir - straight line, f/p - Sigmund
Aim: Sigmund, wielding a +0 scythe and wearing a +0 robe of fire resistance (severely wounded, 55% to hit)
You throw a javelin.
The javelin pierces through Sigmund but does no damage.
Sigmund is severely wounded.
Throw: javelin
Press: ? - help, Q - select action, (/) - cycle Shift-Dir - straight line, f/p - Sigmund
Aim: Sigmund, wielding a +0 scythe and wearing a +0 robe of fire resistance (severely wounded, 55% to hit)
You throw a javelin.
The javelin pierces through Sigmund but does no damage.
Sigmund is severely wounded.
Sigmund hits you but does no damage.
Casting: Blink (safe; 17% risk of failure)
Confirm with . or Enter, or press ? or * to list all spells.
Okay, then.
You throw a stone. The stone barely misses Sigmund.
Sigmund hits you from afar with a +0 scythe!
You are too injured to fight recklessly!
Casting: Blink (safe; 17% risk of failure)
Confirm with . or Enter, or press ? or * to list all spells.
You blink.
Sigmund gestures at you while chanting. The magic dart hits you.
* * * LOW HITPOINT WARNING * * *
You aren't carrying any items that you can evoke.
Okay, then.
Okay, then.
You feel stable enough to blink again.
Blink to where?
Press: ? - help, Dir - move target, p - Sigmund
As you read the scroll of blinking, it crumbles to dust.
Sigmund laughs darkly.
Sigmund gestures at you while chanting. The puff of flame hits you!
You die...

##.........ยง..### ##.........
##............####...##.....
##..............##......#....
#.............#..#......#....
#.............#...........#..
#....#......@.........###....
#....#.....................##
###...........##............#.
#............@##............#.
#........................#[.#.
#.........##............###.#.
##......##.##...............@#.
##.......##.##...........#....##
#...........##..........#...#...
#....##..............[..##..#...
##..###................. #....##
#####.................. #...##.


You could see Sigmund.

Vanquished Creatures
  A hound (D:3)
  An iguana (D:2)
  A gnoll (D:1)
  2 adders
  3 worms
  4 dart slugs
  11 ball pythons
  5 endoplasms
  5 giant cockroaches
  3 goblins
  3 hobgoblins
  8 kobolds
  4 quokkas
  8 bats
  6 frilled lizards
  4 rats
69 creatures vanquished.

Notes
Turn   | Place    | Note
-------+----------+-------------------------------------------
     0 | D:1      | Gabide the Human Warper began the quest for the Orb.
     0 | D:1      | Reached XP level 1. HP: 16/16 MP: 3/3
   341 | D:1      | Reached XP level 2. HP: 17/22 MP: 5/5
  1094 | D:1      | Reached XP level 3. HP: 28/28 MP: 6/6
  1952 | D:2      | Reached XP level 4. HP: 23/34 MP: 7/7
  2237 | D:2      | Learned a level 2 spell: Blink
  2436 | D:2      | Found a faded altar of an unknown god.
  2570 | D:2      | Reached XP level 5. HP: 12/41 MP: 8/8
  3710 | D:3      | Found a stormy altar of Qazlal.
  3900 | D:4      | Found Rozuiromo's Lightly-Used Armoury.
  3926 | D:4      | Found a sparkling altar of Nemelex Xobeh.
  3983 | D:4      | Noticed Sigmund
  4349 | D:4      | Found a white marble altar of Elyvilon.
  4702 | D:4      | Killed from afar by Sigmund

Illustrated notes

Levels and vault maps discovered:
D:1:      minmay_arrival_four_houses, layout_rooms, minmay_tall_x
D:2:      layout_basic, hellmonk_ecumenical_altar_leap_of_faith, minmay_guardbox
D:3:      layout_rooms, mainiacjoe_overflow_24_doors
D:4:      layout_cave_pools, amcnicky_altar_gilded,
          nicolae_elyvilon_peaceful_grove, minmay_shop_damaged,
          due_unseen_surprise, uniq_sigmund

Skill      XL: |  1  2  3  4 |
---------------+-------------+-----
Throwing       | 2 |  2.9
Fighting       | 3 |  3.6
Short Blades   | |  2.0
Armour         | |  1.0
Dodging        | |  2.0
Spellcasting   | |  2.7
Translocations | |  3.5

Action                   |  1- 3 |  4- 6 || total
-------------------------+-------+-------++-------
Melee: Short sword       |    89 |   142 ||   231
       Punch             |     1 |     1 ||     2
Throw: Stone             |    59 |   139 ||   198
       Boomerang         |     2 |     3 ||     5
       Javelin           |       |     2 ||     2
 Cast: Blink             |       |     1 ||     1
  Use: Potion            |     1 |     4 ||     5
       Scroll            |       |     7 ||     7
 Stab: Sleeping          |     1 |       ||     1
Armor: Leather armour    |     9 |       ||     9
       Ring mail         |    33 |    58 ||    91
Dodge: Dodged            |    37 |    74 ||   111
